 Dungeon Sprint DCSS version 0.28.0-43-g3370ac3207 (webtiles) character file.

Game seed: 9434059338164396888

14210 boopmooplesden the Executioner (level 11, 0/122 HPs)
             Began as a Minotaur Berserker on Mar 25, 2022.
             Was the Champion of Trog.
             Slain by a death drake (3 damage)
             ... in the Dungeon (Sprint III: "The Ten Rune Challenge").
             The game lasted 00:07:41 (1398 turns).

boopmooplesden the Executioner (Minotaur Berserker) Turns: 1398, Time: 00:07:42

Health: 0/122      AC: 15    Str: 22    XL:     11   Next: 85%
Magic:  10/10      EV: 11    Int:  4    God:    Trog [******]
Gold:   1614       SH:  0    Dex: 16    Spells: 10/10 levels left

rFire   . . .      SeeInvis .   o - +0 executioner's axe (flame)
rCold   + . .      Faith    .   (shield currently unavailable)
rNeg    . . .      Spirit   .   s - +0 plate armour
rPois   .          Reflect  .   (helmet restricted)
rElec   .          Harm     .   (no cloak)
rCorr   .          Rampage  .   (no gloves)
Will    .....      NoTele   +   (no boots)
Stlth   ..........              (no amulet)
HPRegen 1.10/turn               (no ring)
MPRegen 0.12/turn               (no ring)

@: lethally poisoned (0 -> -45), slowed, very slow
A: horns 2, retaliatory headbutt, agile 1, cold resistance 1, regeneration 1
a: Renounce Religion, Berserk, Trog's Hand, Brothers in Arms


You were in the Dungeon.
You worshipped Trog.
Trog was exalted by your worship.
You visited 1 branch You collected 1614 gold pieces.

Inventory:

Hand Weapons
 a - a +0 hand axe
 b - a +2 antimagic demon blade
 c - the +5 executioner's axe of Domination {vorpal, rF++ Dex-2 SInv Stlth+}
   (Trog gifted it to you in the Dungeon)

   It inflicts extra damage upon your enemies.
   Dex:       It affects your dexterity (-2).
   rF:        It greatly protects you from fire.
   SInv:      It lets you see invisible.
   Stlth:     It makes you more stealthy.
 e - a +4 long sword of holy wrath
 o - a +0 executioner's axe of flaming (weapon)
 q - the +9 broad axe "Libe" {antimagic, rF++ Str+2 SInv Stlth+}
   (Trog gifted it to you in the Dungeon)

   It reduces the magical energy of the wielder, and disrupts the spells and
   magical abilities of those it strikes.
   Natural abilities and divine invocations are not affected.
   Str:       It affects your strength (+2).
   rF:        It greatly protects you from fire.
   SInv:      It lets you see invisible.
   Stlth:     It makes you more stealthy.
 t - a +1 triple sword of flaming
Armour
 s - a +0 plate armour (worn)
Wands
 j - a wand of charming (7)
 r - a wand of acid (9)
Scrolls
 k - a scroll of torment {unknown}
 l - 2 scrolls of identify {unknown}
 m - a scroll of holy word {unknown}
Potions
 d - a potion of heal wounds
 f - 2 potions of magic
 g - a potion of berserk rage
 i - 4 potions of flight
 n - a potion of might
Miscellaneous
 p - a box of beasts


   Skills:
 + Level 19.0 Fighting
 + Level 9.8 Long Blades
 + Level 22.6 Axes
 + Level 12.3 Armour
 + Level 10.0 Dodging
 + Level 6.2 Stealth
 + Level 1.6 Evocations


You had 10 spell levels left.
You didn't know any spells.
Your spell library was empty.

Dungeon Overview and Level Annotations

Branches:
Dungeon (1/1)

Altars:
Cheibriados
Dithmenos
Elyvilon
Fedhas
Gozag
Hepliaklqana
Kikubaaqudgha
Makhleb
Nemelex Xobeh
Okawaru
Qazlal
Ru
Sif Muna
Trog
Uskayaw
Vehumet
Wu Jian
Xom
Yredelemnul
Zin
The Shining One
Beogh
Jiyva
Lugonu

Shops:
D (


Innate Abilities, Weirdness & Mutations

You have a pair of horns on your head.
You reflexively headbutt those who attack you in melee.
You are agile. (Dex +2)
Your flesh is cold resistant. (rC+)
Your natural rate of healing is unusually fast.


Message History

You burn the one-headed hydra.
The one-headed hydra is almost dead.
The one-headed hydra bites you!
You slice the one-headed hydra's last head off!
You kill the one-headed hydra!
Trog accepts your kill.
Your Fighting skill increases to level 19!
You slice the death drake!! You burn the death drake!
You headbutt the death drake.
The death drake is moderately wounded.
The death drake breathes miasma at you. The foul vapour engulfs you.
You are poisoned.
You slash the death drake! You burn the death drake.
You headbutt the death drake, but do no damage.
The death drake is heavily wounded.
You are engulfed in dark miasma.
You are lethally poisoned!
You feel yourself slow down.
* * * LOW HITPOINT WARNING * * *
You feel extremely sick.
The death drake bites you but does no damage.
Blink to where?
Press: ? - help, Dir - move target Splash!
You fall into the shallow water.
Moving in this stuff is going to be slow.
As you read the scroll of blinking, it crumbles to dust.
* * * LOW HITPOINT WARNING * * *
You feel extremely sick. The death drake breathes miasma at you.
The foul vapour engulfs you!
You are more poisoned.
* * * LOW HITPOINT WARNING * * *
You feel much better.
You are engulfed in dark miasma.
You are more poisoned.
* * * LOW HITPOINT WARNING * * *
You feel extremely sick. The death drake bites you.
You die...

#)).#__#...'##.#.#.##.#.)##....^.
#___#__'...#..)#..#..##..).......
▓▓▓▓▓▓▓▓▓▓▓▓▓▓▓▓▓▓▓▓▓▓▓▓▓#..^...^
♣♣≈≈≈..).....≈≈≈...#.......
+♣♣†♣≈≈≈≈≈≈≈≈≈≈≈≈♣♣P.'....^..
#.≈♣♣♣♣♣♣♣♣♣♣♣♣♣♣♣♣PP#^......
#..♣♣ ♣♣♣##'#####
###'♣♣♣♣♣♣♣♣♣♣♣♣♣♣♣ #)).+
♣♣♣♣.##..##°°@°°≈..# #...#
♣.†.##.##.#≈k°°°...# #...#
♣♣.##.##°##'†°≈°≈### #####
♣..#†##°)°#≈≈.....
♣♣.##)##..#≈..+####
♣♣.##.#####...# ♣.....# ....#
####### #####


You could see a death drake (catching breath).

Vanquished Creatures
  Dowan (D)
  Erolcha (D)
  2 hydras (D)
  Urug (D)
  A lindwurm (D)
  An orc knight (D)
  2 deep elf pyromancers (D)
  2 orc sorcerers (D)
  A deep elf zephyrmancer (D)
  Duvessa (D)
  2 cane toads (D)
  A komodo dragon (D)
  2 tyrant leeches (D)
  A shadow (D)
  3 wandering mushrooms (D)
  5 redbacks (D)
  A spatial vortex (D)
  2 orc warriors (D)
  A necrophage (D)
  5 two-headed ogres (D)
  A water elemental (D)
  28 killer bees (D)
  An electric eel (D)
  A jelly (D)
  An orc priest (D)
  Jessica (D)
  A wizard (D)
  A necromancer (D)
  3 humans (D)
  A kobold demonologist (D)
  A wolf (D)
  4 orcs (D)
  An endoplasm (D)
  2 rats (D)
83 creatures vanquished.

Vanquished Creatures (collateral kills)
  An orc high priest (D)
  A deep elf knight (D)
  A deep elf pyromancer (D)
  A queen bee (D)
  An orc warrior (D)
  4 killer bees (D)
  An orc priest (D)
  An orc wizard (D)
  4 orcs (D)
15 creatures vanquished.

Vanquished Creatures (others)
  A deep elf knight (D)
1 creature vanquished.

Grand Total: 99 creatures vanquished

Notes
Turn   | Place    | Note
-------+----------+-------------------------------------------
     0 | D        | boopmooplesden the Minotaur Berserker began the quest for
                  | the Orb.
     0 | D        | Reached XP level 1. HP: 19/19 MP: 0/0
    11 | D        | Reached skill level 4 in Axes
    29 | D        | Reached ** piety under Trog
    33 | D        | Noticed Jessica
    39 | D        | Killed Jessica
    40 | D        | Reached skill level 5 in Fighting
    40 | D        | Reached skill level 6 in Axes
    40 | D        | Reached XP level 2. HP: 19/29 MP: 1/1
    40 | D        | Reached XP level 3. HP: 24/36 MP: 2/2
   154 | D        | Reached *** piety under Trog
   155 | D        | Reached skill level 7 in Axes
   171 | D        | Gained mutation: You have a pair of large horns on your
                  | head. [potion of mutation]
   171 | D        | Gained mutation: You sometimes lose the ability to read
                  | scrolls when taking damage. [potion of mutation]
   171 | D        | Gained mutation: You are partially covered in iridescent
                  | scales. (AC +2) [potion of mutation]
   171 | D        | Gained mutation: You have sharp toenails. [potion of
                  | mutation]
   172 | D        | Lost mutation: You have sharp toenails. [potion of
                  | mutation]
   172 | D        | Lost mutation: You are partially covered in iridescent
                  | scales. (AC +2) [potion of mutation]
   172 | D        | Lost mutation: You have a pair of large horns on your head.
                  | [potion of mutation]
   172 | D        | Gained mutation: You are partially covered in iridescent
                  | scales. (AC +2) [potion of mutation]
   172 | D        | Gained mutation: Your muscles are strong. (Str +2) [potion
                  | of mutation]
   173 | D        | Lost mutation: You sometimes lose the ability to read
                  | scrolls when taking damage. [potion of mutation]
   173 | D        | Lost mutation: You are partially covered in iridescent
                  | scales. (AC +2) [potion of mutation]
   173 | D        | Gained mutation: Armour fits poorly on your strangely
                  | shaped body. [potion of mutation]
   173 | D        | Gained mutation: You have a pair of large horns on your
                  | head. [potion of mutation]
   174 | D        | Lost mutation: Armour fits poorly on your strangely shaped
                  | body. [potion of mutation]
   174 | D        | Lost mutation: You have a pair of large horns on your head.
                  | [potion of mutation]
   174 | D        | Lost mutation: Your muscles are strong. (Str +2) [potion of
                  | mutation]
   174 | D        | Gained mutation: Your flesh is cold resistant. (rC+)
                  | [potion of mutation]
   174 | D        | Gained mutation: You are agile. (Dex +2) [potion of
                  | mutation]
   174 | D        | Gained mutation: Your natural rate of healing is unusually
                  | fast. [potion of mutation]
   327 | D        | Noticed a water elemental
   331 | D        | Killed a water elemental
   332 | D        | Reached skill level 8 in Axes
   332 | D        | Reached XP level 4. HP: 47/47 MP: 3/3
   376 | D        | Found a basalt altar of Yredelemnul.
   376 | D        | Found a shadowy altar of Dithmenos.
   376 | D        | Found a sacrificial altar of Ru.
   376 | D        | Noticed a necrophage
   383 | D        | Reached skill level 9 in Axes
   383 | D        | Reached XP level 5. HP: 53/53 MP: 4/4
   391 | D        | Killed a necrophage
   392 | D        | Reached skill level 10 in Axes
   424 | D        | Found a hide-covered altar of Uskayaw.
   424 | D        | Found an iron altar of Okawaru.
   425 | D        | Found a bloodstained altar of Trog.
   425 | D        | Found an ornate altar of the Wu Jian Council.
   425 | D        | Noticed a human
   425 | D        | Noticed a human
   431 | D        | Killed a human
   431 | D        | Reached **** piety under Trog
   432 | D        | Reached skill level 10 in Fighting
   432 | D        | Reached skill level 11 in Axes
   432 | D        | Reached skill level 5 in Armour
   432 | D        | Reached skill level 5 in Dodging
   432 | D        | Reached skill level 1 in Stealth
   432 | D        | Reached XP level 6. HP: 66/66 MP: 5/5
   437 | D        | Killed a human
   438 | D        | Reached skill level 12 in Axes
   463 | D        | Found a glowing silver altar of Zin.
   463 | D        | Found a glowing golden altar of the Shining One.
   463 | D        | Found a white marble altar of Elyvilon.
   463 | D        | Noticed a deep elf pyromancer
   471 | D        | Killed a deep elf pyromancer
   472 | D        | Reached skill level 14 in Axes
   472 | D        | Reached XP level 7. HP: 42/75 MP: 6/6
   487 | D        | Found a radiant altar of Vehumet.
   487 | D        | Found a shimmering blue altar of Sif Muna.
   487 | D        | Found an ancient bone altar of Kikubaaqudgha.
   494 | D        | Reached ***** piety under Trog
   496 | D        | Noticed a sun demon
   543 | D        | Noticed a shadow
   546 | D        | Killed a shadow
   547 | D        | Reached skill level 15 in Axes
   547 | D        | Reached XP level 8. HP: 83/83 MP: 7/7
   554 | D        | Found a blossoming altar of Fedhas.
   554 | D        | Found a stormy altar of Qazlal.
   554 | D        | Found a snail-covered altar of Cheibriados.
   554 | D        | Found a burning altar of Makhleb.
   554 | D        | Found a shimmering altar of Xom.
   555 | D        | Found a hazy altar of Hepliaklqana.
   555 | D        | Found an opulent altar of Gozag.
   555 | D        | Found a sparkling altar of Nemelex Xobeh.
   555 | D        | Found a corrupted altar of Lugonu.
   555 | D        | Found a viscous altar of Jiyva.
   568 | D        | Reached skill level 1 in Long Blades
   592 | D        | Identified the +9 broad axe "Libe" {antimagic, rF++ Str+2
                  | SInv Stlth+} (Trog gifted it to you in the Dungeon)
   592 | D        | Received a gift from Trog
   632 | D        | Noticed a two-headed ogre
   639 | D        | Killed a two-headed ogre
   640 | D        | Reached skill level 16 in Axes
   710 | D        | Noticed a two-headed ogre
   710 | D        | Noticed Erolcha
   713 | D        | Killed Erolcha
   714 | D        | Reached skill level 5 in Long Blades
   714 | D        | Reached skill level 17 in Axes
   714 | D        | Reached XP level 9. HP: 94/94 MP: 2/8
   717 | D        | Killed a two-headed ogre
   751 | D        | Noticed an orc sorcerer
   751 | D        | Noticed an orc sorcerer
   752 | D        | Noticed an orc knight
   752 | D        | Noticed an orc high priest
   754 | D        | Received a gift from Trog
   756 | D        | Noticed an ice devil
   760 | D        | Killed an orc knight
   761 | D        | Reached skill level 18 in Axes
   761 | D        | Killed an orc high priest
   762 | D        | Reached XP level 10. HP: 53/104 MP: 3/9
   763 | D        | Found Mewk's Weapon Shop.
   764 | D        | Killed an orc sorcerer
   765 | D        | Reached skill level 15 in Fighting
   765 | D        | Reached skill level 5 in Stealth
   766 | D        | Received a gift from Trog
   767 | D        | Killed an orc sorcerer
   767 | D        | Reached ****** piety under Trog
   768 | D        | Reached skill level 19 in Axes
   768 | D        | Reached skill level 1 in Evocations
   862 | D        | Noticed a deep elf knight
   862 | D        | Noticed a deep elf zephyrmancer
   862 | D        | Noticed a deep elf knight
   862 | D        | Noticed a deep elf pyromancer
   862 | D        | Noticed a deep elf pyromancer
   871 | D        | Killed a deep elf knight
   871 | D        | Received a gift from Trog
   874 | D        | Killed a deep elf zephyrmancer
   875 | D        | Noticed a deep elf annihilator
   877 | D        | Noticed a deep elf demonologist
   878 | D        | Killed a deep elf pyromancer
   878 | D        | Killed a deep elf knight
   879 | D        | Reached skill level 20 in Axes
   881 | D        | Killed a deep elf pyromancer
   882 | D        | Noticed a deep elf high priest
   949 | D        | Received a gift from Trog
   980 | D        | Identified the +5 executioner's axe of Domination {vorpal,
                  | rF++ Dex-2 SInv Stlth+} (Trog gifted it to you in the
                  | Dungeon)
   980 | D        | Received a gift from Trog
   992 | D        | Reached XP level 11. HP: 31/116 MP: 3/10
  1015 | D        | Received a gift from Trog
  1050 | D        | Received a gift from Trog
  1205 | D        | Noticed Dowan
  1206 | D        | Noticed Duvessa
  1213 | D        | Killed Dowan
  1214 | D        | Reached skill level 10 in Armour
  1214 | D        | Reached skill level 10 in Dodging
  1218 | D        | Killed Duvessa
  1219 | D        | Reached skill level 21 in Axes
  1271 | D        | Received a gift from Trog
  1349 | D        | Noticed a lindwurm
  1353 | D        | Killed a lindwurm
  1353 | D        | Received a gift from Trog
  1364 | D        | Reached skill level 22 in Axes
  1364 | D        | Noticed Urug
  1367 | D        | Killed Urug
  1381 | D        | Noticed a four-headed hydra
  1381 | D        | Noticed a five-headed hydra
  1387 | D        | Killed a three-headed hydra
  1392 | D        | Noticed a death drake
  1394 | D        | Killed a one-headed hydra
  1397 | D        | HP: 6/122 [death drake/foul vapour (12)]
  1398 | D        | Slain by a death drake

Illustrated notes

Levels and vault maps discovered:
D:        dungeon_sprint_mu [sprint_mu_entry_cave, sprint_mu_temple_rooms,
          sprint_mu_d1_spiders, sprint_mu_d2_genie, sprint_mu_d3_branching,
          sprint_mu_orc_legion, sprint_mu_elf_gauntlet, sprint_mu_hive_nellie,
          sprint_mu_lair_fedhas, sprint_mu_vaults_butterflies,
          sprint_mu_slime_circle, sprint_mu_swamp_cave, sprint_mu_shoals_archi,
          sprint_mu_blade_basic, sprint_mu_crypt_lich, sprint_mu_tomb_spiral,
          sprint_mu_vestibule_basic, sprint_mu_gehenna_hellfire,
          sprint_mu_dis_giant, sprint_mu_tartarus_statrot,
          sprint_mu_cocytus_islands, sprint_mu_zot1]

Skill      XL: |  1  2  3  4  5  6  7  8  9 10 11 |
---------------+----------------------------------+-----
Fighting       | 5 7 10 11 12 13 14 16 19 | 19.0
Axes           | 6 8 9 11 14 15 17 18 20 22 | 22.6
Armour         | 3 4 5 6 7 8 12 | 12.3
Dodging        | 3 5 6 7 8 9 10 | 10.0
Stealth        | 1 2 3 4 6 |  6.2
Long Blades    | 5 7 9 |  9.8
Evocations     | 1 |  1.6

Action                   |  1- 3 |  4- 6 |  7- 9 | 10-12 || total
-------------------------+-------+-------+-------+-------++-------
Melee: Hand axe          |    23 |    31 |       |       ||    54
       Headbutt          |     1 |     7 |    12 |    25 ||    45
       Long sword        |       |       |    26 |       ||    26
       Broad axe         |       |       |    22 |    59 ||    81
       Executioner's axe |       |       |       |    74 ||    74
Invok: Berserk           |     2 |     2 |     3 |     4 ||    11
       Brothers in Arms  |       |       |     1 |     2 ||     3
Evoke: Box of beasts     |       |       |     2 |       ||     2
  Use: Potion            |     4 |     1 |       |     3 ||     8
       Scroll            |       |       |       |     1 ||     1
 Stab: Sleeping          |       |       |     1 |       ||     1
Armor: Animal skin       |     2 |     1 |       |       ||     3
       Leather armour    |       |       |     3 |       ||     3
       Plate armour      |       |       |       |    81 ||    81
Dodge: Dodged            |    10 |     6 |    31 |    78 ||   125
